 Dungeon Crawl Stone Soup version 0.31-a0-675-g238779eb0a (webtiles) character file.

Game seed: 12936549531663610025

59 qw the Shooter (level 4, -2/28 HPs)
             Began as a Gargoyle Hunter on Sept 5, 2023.
             Slain by Natasha (7 damage)
             ... on level 2 of the Dungeon.
             The game lasted 00:00:30 (1281 turns).

qw the Shooter (Gargoyle Hunter)                    Turns: 1281, Time: 00:00:30

Health: -2/28      AC:  6    Str: 15    XL:     4   Next: 3%
Magic:  4/4        EV: 11    Int:  9    God:
Gold:   103        SH:  0    Dex: 15    Spells: 3/3 levels left

rFire   . . .        Y - +0 shortbow
rCold   . . .        (shield currently unavailable)
rNeg    + . .        c - +0 leather armour
rPois   inf          (no helmet)
rElec   +            (no cloak)
rCorr   .            (no gloves)
SInv    .            (no boots)
Will    .....        (no amulet)
Stlth   ++           (no ring)
HPRegen 0.24/turn    (no ring)
MPRegen 0.09/turn

%: no passive effects
@: slowed, very slow
A: sickness immunity, AC +3, negative energy resistance 1, electricity
resistance, torment resistance 1, petrification resistance
a: no special abilities


You were on level 2 of the Dungeon.
You visited 1 branch of the dungeon, and saw 2 of its levels.

You collected 103 gold pieces.


Innate Abilities, Weirdness & Mutations

You are immune to sickness and miasma.
Your stone body is resilient. (AC +3)
You are immune to poison.
You resist negative energy. (rN+)
You are resistant to electric shocks. (rElec)
You are resistant to unholy torment.
You are immune to petrification.


   Skills:
 - Level 3.0 Fighting
 + Level 5.1 Ranged Weapons
 - Level 1.5 Dodging
 - Level 1.1 Stealth


You had 3 spell levels left.
You didn't know any spells.
Your spell library was empty.

Inventory:

Hand Weapons
 Y - a +0 shortbow (weapon)
Armour
 c - a +0 leather armour (worn)
 d - a +0 ring mail
Scrolls
 a - a scroll of acquirement {unknown}
 b - a scroll of silence {unknown}
 e - a scroll of fear {unknown}
 f - a scroll of immolation {unknown}
 i - a scroll of blinking {unknown}
Potions
 g - a potion of resistance {unknown}
 h - a potion of curing {unknown}
 j - a potion of haste {unknown}
 k - a potion of invisibility {unknown}

Dungeon Overview and Level Annotations

Branches:
Dungeon (2/15)

Altars:
Sif Muna

Annotations:
D:2 1 runed translucent door, Crazy Yiuf, Natasha


Message History

k - a fizzy black potion
There is a stone staircase leading up here.
You see here the +4 dagger "Zymi Ygea" {heavy, rF+ rC+ Int-5}.
Found a hammer.
You see here a +0 hammer.
Found a hammer.
Crazy Yiuf shouts!
Crazy Yiuf whimpers, "Peeping senile hand!"
You see here a bat skeleton.
You now have 93 gold pieces (gained 10).
You now have 103 gold pieces (gained 10).
Found a stone staircase leading down.
Found a spear.
Natasha and a rat come into view.
Found a stone staircase leading down.
Natasha hisses angrily.
Natasha stares at you and mumbles some strange words.
You feel yourself slow down.
You shoot an arrow.
The arrow hits Natasha but does no damage.
Natasha stares at you and mumbles some strange words.
The magic dart hits you!
Natasha wildly gestures.
Natasha shimmers violently.
You shoot an arrow. The arrow hits the rat.
You kill the rat!
You shoot an arrow. The arrow closely misses Natasha.
You shoot an arrow. The arrow closely misses Natasha.
Natasha barely misses you. Natasha closely misses you.
You shoot an arrow. The arrow hits Natasha!
Natasha is severely wounded.
Natasha misses you. Natasha claws you!
You shoot an arrow. The arrow misses Natasha.
Natasha claws you! Natasha claws you but does no damage.
You shoot an arrow. The arrow closely misses Natasha.
Natasha claws you.
You shoot an arrow. The arrow barely misses Natasha.
Natasha claws you!
You die...
Natasha begins licking her fur clean.

..# #####..............#
..# ##.............#### %.#
#................#
..########.........#...####
........#..............#
....................####
#..................##
#........#........##
#.......##......@##
#.......###...#.h#
#..<....##........
######..##.........
#..##.......>.# #....>.....
### #.)........# ..)#
#..........# g..#


You could see Natasha.

Vanquished Creatures
  An adder (D:2)
  3 worms (D:2)
  2 dart slugs (D:1)
  A bat (D:2)
  4 endoplasms
  2 goblins
  A hobgoblin (D:1)
  2 jackals (D:1)
  8 ball pythons
  4 frilled lizards
  5 kobolds
  5 rats
38 creatures vanquished.

Notes
Turn   | Place    | Note
-------+----------+-------------------------------------------
     0 | D:1      | qw the Gargoyle Hunter began the quest for the Orb.
     0 | D:1      | Reached XP level 1. HP: 12/12 MP: 1/1
     0 | D:1      | 0 ||| qw: Version: 0.3-a-75-g829b12e
     0 | D:1      | 0 ||| qw: Game counter: 91
     0 | D:1      | 0 ||| qw: Melee chars always use a shield: true
     0 | D:1      | 0 ||| qw: God list: Okawaru
     0 | D:1      | 0 ||| qw: Allow faded altars: false
     0 | D:1      | 0 ||| qw: Do Orc after clearing Dungeon:15 true
     0 | D:1      | 0 ||| qw: Do second Lair branch before Depths: true
     0 | D:1      | 0 ||| qw: Lair rune preference: random
     0 | D:1      | 0 ||| qw: Goals: Normal
     0 | D:1      | 0 ||| PLANNING D:1-11
   113 | D:1      | Reached XP level 2. HP: 17/17 MP: 2/2
   657 | D:1      | Reached XP level 3. HP: 19/21 MP: 3/3
   658 | D:1      | Reached skill level 5 in Ranged Weapons
   760 | D:1      | 760 ||| DROPPING +6 ring of intelligence.
   761 | D:1      | 761 ||| READING scroll labelled GUICUA DELIA.
   762 | D:1      | 762 ||| READING scroll labelled UCYM JAUTRU.
   763 | D:1      | 763 ||| DRINKING 2 bubbling cyan potions.
   868 | D:1      | 868 ||| DROPPING scroll of butterflies.
   869 | D:1      | 869 ||| DROPPING potion of berserk rage.
   883 | D:2      | Found a faded altar of an unknown god.
   884 | D:2      | 884 ||| STAIRDANCE
   889 | D:2      | 889 ||| STAIRDANCE
   905 | D:2      | Identified the +4 dagger "Zymi Ygea" {heavy, rF+ rC+ Int-5}
   928 | D:2      | Identified the +4 scimitar of the Queen {freeze, Str+2}
   989 | D:2      | Reached skill level 3 in Fighting
  1055 | D:2      | Reached XP level 4. HP: 28/28 MP: 4/4
  1057 | D:2      | Found a shimmering blue altar of Sif Muna.
  1141 | D:2      | Found a runed translucent door.
  1142 | D:2      | Noticed Crazy Yiuf
  1273 | D:2      | Noticed Natasha
  1280 | D:2      | HP: 5/28 [Natasha (4)]
  1281 | D:2      | Slain by Natasha

Levels and vault maps discovered:
D:1:      eino_arrival_cavern_d, layout_loops_cross,
          chequers_serial_rivers_small_b, nicolae_titane
D:2:      layout_rooms, basic_altar, basic_ecumenical_altar,
          uniq_crazy_yiuf_cottage, uniq_natasha

Skill      XL: |  1  2  3 |
---------------+----------+-----
Ranged Weapons | 5 |  5.1
Fighting       | 3 |  3.0
Dodging        | |  1.5
Stealth        | |  1.1

Action                     |  1- 3 |  4- 6 || total
---------------------------+-------+-------++-------
   Fire: Shortbow          |   103 |    11 ||   114
    Use: Scroll            |     2 |       ||     2
         Potion            |     1 |       ||     1
 Armour: Leather armour    |    27 |     7 ||    34
  Dodge: Dodged            |    25 |     4 ||    29

Table legend:
 A = Non-vault XP
 B = Vault XP
 C = Vault XP percentage of total XP
 D = Non-vault monster count
 E = Vault monster count
 F = Vault count percentage of total count
                 A         B        C        D         E       F
            +---------+---------+-------+---------+---------+-------
      Total |      85 |       0 |   0.0 |      38 |       0 |   0.0
            +---------+---------+-------+---------+---------+-------
        D:1 |      41 |       0 |   0.0 |      24 |       0 |   0.0
        D:2 |      44 |       0 |   0.0 |      14 |       0 |   0.0
            +---------+---------+-------+---------+---------+-------
